 Dungeon Crawl Stone Soup version 0.22-a0-15-g4f60a598d5 (webtiles) character file.

53 Dragon983 the Skirmisher (level 3, -2/24 HPs)
             Began as a Gargoyle Berserker on Jan 2, 2018.
             Was a Believer of Trog.
             Slain by a gnoll (5 damage)
             ... on level 2 of the Dungeon.
             The game lasted 00:02:25 (1531 turns).

Dragon983 the Skirmisher (Gargoyle Berserker)       Turns: 1531, Time: 00:02:25

Health: -2/24      AC:  5    Str: 20    XL:     3   Next: 87%
Magic:  3/3        EV: 12    Int:  7    God:    Trog [**....]
Gold:   67         SH:  0    Dex: 10    Spells: 2/2 levels left

rFire    . . .     SeeInvis .   a - +0 mace
rCold    . . .     Gourm    .   (no shield)
rNeg     + . .     Faith    .   b - +0 animal skin
rPois    ∞         Spirit   .   (no helmet)
rElec    +         Reflect  .   (no cloak)
rCorr    .         Harm     .   (no gloves)
MR       +....                  (no boots)
Stlth    +.........             (no amulet)
HPRegen  0.08/turn              f - ring of protection from magic
MPRegen  0.08/turn              (no ring)

@: berserk cooldown, slowed, very slow
A: negative energy resistance 1, electricity resistance, unbreathing,
petrification resistance, rot immunity, AC +3
a: Berserk, Trog's Hand, Burn Spellbooks, Renounce Religion


You were on level 2 of the Dungeon.
You worshipped Trog.
Trog was pleased with you.
You were hungry.

You visited 1 branch of the dungeon, and saw 2 of its levels.

You collected 67 gold pieces.

Inventory:

Hand Weapons
 a - a +0 mace (weapon)
Armour
 b - a +0 animal skin (worn)
Jewellery
 f - a ring of protection from magic (left hand)
Scrolls
 d - 2 scrolls of fear {unknown}
 g - a scroll of remove curse {unknown}
 j - a scroll of identify {unknown}
Potions
 e - a potion of flight {unknown}
 i - 2 potions of berserk rage {unknown}
Comestibles
 c - 4 rations
 h - 2 chunks of flesh


   Skills:
 + Level 4.2 Fighting
 + Level 3.9 Maces & Flails
 - Level 2.2 Armour
 - Level 1.6 Dodging


You had 2 spell levels left.
You didn't know any spells.

Dungeon Overview and Level Annotations

Branches:
Dungeon (2/15)

Altars:


Innate Abilities, Weirdness & Mutations

You are resistant to torment.
Your stone body is resilient. (AC +3)
You are immune to poison.
You resist negative energy. (rN+)
You are resistant to electric shocks. (rElec)
You can survive without breathing.
You are immune to petrification.
You are immune to rotting.


Message History

The worm is moderately wounded.
The goblin hits you but does no damage. The worm misses you.
The gnoll hits you but does no damage. The goblin misses you.
The worm bites you.
* * * LOW HITPOINT WARNING * * *
The gnoll hits you but does no damage.
A hobgoblin comes into view. It is wielding a club.
The hobgoblin shouts!
You sock the worm!
The worm is severely wounded.
You hear a shout!
The gnoll closely misses you. The goblin hits you but does no damage.
The gnoll hits you.
* * * LOW HITPOINT WARNING * * *
The gnoll hits you but does no damage. The goblin barely misses you.
The worm closely misses you.
You sock the worm!
The worm is almost dead.
The gnoll hits you.
You die...

.# .# .. .# .. .# '# .#
.# .# .# .# .#
#################g###.#.
...............(@w......
#################g###.#.
.......


.gg ####### .##g. # .# ... ################ .# .. ......#........# .. .
......#........# ## ......#........# You could see a worm, 2 gnolls, a hobgoblin
and 2 goblins.

Vanquished Creatures
  An adder (D:2)
  A worm (D:2)
  A dart slug (D:1)
  2 leopard geckos
  A giant cockroach (D:2)
  6 goblins
  5 hobgoblins
  2 jackals (D:1)
  A quokka (D:2)
  2 ball pythons (D:1)
  5 bats
  4 kobolds
  5 rats (D:1)
36 creatures vanquished.

Notes
Turn   | Place    | Note
-------+----------+-------------------------------------------
     0 | D:1      | Dragon983 the Gargoyle Berserker began the quest for the Orb.
     0 | D:1      | Reached XP level 1. HP: 14/14 MP: 1/1
   258 | D:1      | Reached XP level 2. HP: 19/19 MP: 2/2
   535 | D:1      | Reached XP level 3. HP: 24/24 MP: 3/3
   886 | D:2      | Reached skill level 4 in Fighting
   901 | D:2      | Reached ** piety under Trog
  1531 | D:2      | Slain by a gnoll

Vault maps used:
D:1:      lordsloth_arrival_two_stooges, minmay_door_square

Skill      XL: |  1  2  3 |
---------------+----------+-----
Fighting       | 4 |  4.2
Maces & Flails | |  3.9
Armour         | |  2.2
Dodging        | |  1.6

Action                   || total
-------------------------++-------
Melee: Mace              ||    95
Invok: Berserk           ||     2
  Eat: Chunk             ||     3
Armor: Animal skin       ||    33
Dodge: Dodged            ||    75

Table legend:
 A = Spawn XP
 B = Non-spawn XP
 C = Spawn XP percentage of total XP
 D = Spawn monster count
 E = Non-spawn monster count
 F = Spawn count percentage of total count
 G = Total turns spent on level
                    A         B        C        D         E        F      G
               +---------+---------+-------+---------+---------+-------+---------
         Total |       0 |      76 |   0.0 |       0 |      36 |   0.0 |  1531
               +---------+---------+-------+---------+---------+-------+---------
           D:1 |       0 |      37 |   0.0 |       0 |      23 |   0.0 |   825
           D:2 |       0 |      39 |   0.0 |       0 |      13 |   0.0 |   706
               +---------+---------+-------+---------+---------+-------+---------
